 Dungeon Crawl Stone Soup version 0.26-a0-812-g31a745ddcd (webtiles) character file.

Game seed: 2713890317413327873

98 Riddle the Sneak (level 4, -5/38 HPs)
             Began as a Naga Enchanter on Nov 13, 2020.
             Killed by nerve-wracking pain
             ... invoked by a shadow imp
              (14 damage)
             ... on level 3 of the Dungeon.
             The game lasted 00:08:12 (4078 turns).

Riddle the Sneak (Naga Enchanter)                   Turns: 4078, Time: 00:08:13

Health: -5/38      AC:  2    Str: 10    XL:     4   Next: 71%
Magic:  3/7        EV: 10    Int: 15    God:
Gold:   76         SH:  0    Dex: 13    Spells: 4/7 levels left

rFire    . . .     SeeInvis +   a - +1 dagger
rCold    . . .     Faith    .   (no shield)
rNeg     . . .     Spirit   .   b - +0 robe
rPois    +         Reflect  .   (no helmet)
rElec    .         Harm     .   f - scarf {shadows}
rCorr    .         Rampage  .   (no gloves)
MR       .....                  (no barding)
Stlth    +++.......             (no amulet)
HPRegen  0.12/turn              (no ring)
MPRegen  0.10/turn              (no ring)

@: short of breath, very slow
A: large, see invisible, deformed body, poison resistance, slowness 2, spit
poison 1, AC +1
a: Spit Poison


You were on level 3 of the Dungeon.
You visited 1 branch of the dungeon, and saw 3 of its levels.

You collected 76 gold pieces.

Inventory:

Hand Weapons
 a - a +1 dagger (weapon)
Armour
 b - a +0 robe (worn)
 f - a scarf of shadows (worn)
Jewellery
 m - a cursed amulet of inaccuracy {unknown}
Wands
 j - a wand of acid (9)
 o - a wand of polymorph (4)
Scrolls
 c - 4 scrolls of remove curse {unknown}
 g - 3 scrolls of teleportation {unknown}
 h - a scroll of enchant weapon {unknown}
 i - a scroll of noise {unknown}
 k - a scroll of amnesia {unknown}
 l - 5 scrolls of identify {unknown}
 p - a scroll of random uselessness {unknown}
Potions
 d - a potion of resistance {unknown}
 e - a potion of curing {unknown}
 n - a potion of berserk rage {unknown}
 q - a potion of brilliance {unknown}


   Skills:
 - Level 1.6 Fighting
 - Level 2.0 Short Blades
 - Level 1.5 Dodging
 * Level 6.2 Stealth
 - Level 2.0 Spellcasting
 * Level 3.5 Hexes


You had 4 spell levels left.
You knew the following spells:

 Your Spells              Type           Power        Failure   Level
a - Corona                Hex            #......      5%          1
b - Ensorcelled Hibernat  Hex/Ice        #.....       16%         2

Your spell library contained the following spells:

 Spells                   Type           Power        Failure   Level
 Confusing Touch          Hex            #.......     16%         3
 Tukima's Dance           Hex            #.......     16%         3
 Dazzling Flash           Conj/Hex       #.....       32%         3


Dungeon Overview and Level Annotations

Branches:
Dungeon (3/15)

Altars:
Okawaru
Xom


Innate Abilities, Weirdness & Mutations

You cannot wear boots.
Your serpentine skin is tough. (AC +1)
You have supernaturally acute eyesight. (SInv)
Armour fits poorly on your strangely shaped body.
Your system is resistant to poisons. (rPois)
You cover ground very slowly.
You can spit poison.


Message History

You barely miss the shadow imp. The shadow imp hits you.
You closely miss the shadow imp. The shadow imp hits you.
Casting: Corona (safe; 5% risk of failure)
Confirm with . or Enter, or press ? or * to list all spells.
Aiming: Corona (safe; 5% risk of failure)
Press: ? - help, Shift-Dir - straight line, f/p - shadow imp
Aim: a shadow imp (chance to defeat MR: 50%)
You feel a numb sensation.
The shadow imp is outlined in light.
The shadow imp hits you.
You hit the shadow imp.
The shadow imp is moderately wounded.
The shadow imp gestures at you. Pain shoots through your body!
* * * LOW HITPOINT WARNING * * *
Press: ? - help, Shift-Dir - straight line, f/p - shadow imp
Aim: a shadow imp (moderately wounded, softly glowing)
The splash of poison misses the shadow imp.
The shadow imp gestures at you. Pain shoots through your body!
You die...

#....>.).'........'....'.
#........##########....##
#........# #....##
#........# #....#
#........# ###'##
#........# .. #.#
#........####... #.#
#####'####...... #.#
#...@5...... #.#
######...... #.# ......
#.# ...... #.# ...... #.#
.?.... #.# ...... #.# #.#
#.#


You could see a shadow imp (corona).

Vanquished Creatures
  5 adders (D:2)
  A dart slug (D:1)
  2 leopard geckos
  A ball python (D:3)
  4 bats
  4 giant cockroaches
  5 goblins
  5 hobgoblins
  5 jackals
  A quokka (D:3)
  4 frilled lizards
  7 kobolds
  6 rats
  A butterfly (D:2)
51 creatures vanquished.

Notes
Turn   | Place    | Note
-------+----------+-------------------------------------------
     0 | D:1      | Riddle the Naga Enchanter began the quest for the Orb.
     0 | D:1      | Reached XP level 1. HP: 15/15 MP: 3/3
   647 | D:1      | Reached XP level 2. HP: 17/24 MP: 5/5
   749 | D:1      | Found an iron altar of Okawaru.
   877 | D:1      | Learned a level 2 spell: Ensorcelled Hibernation
   963 | D:1      | Reached skill level 5 in Stealth
  1912 | D:1      | Reached XP level 3. HP: 30/30 MP: 1/6
  2092 | D:2      | Found a shimmering altar of Xom.
  2173 | D:2      | Reached skill level 1 in Fighting
  2623 | D:2      | Reached XP level 4. HP: 38/38 MP: 7/7
  2910 | D:2      | Reached skill level 6 in Stealth
  4078 | D:3      | Killed from afar by a shadow imp

Illustrated notes

Levels and vault maps discovered:
D:1:      minmay_arrival_doors, layout_loops_ring, serial_co_window_serial,
          co_window_of_opportunity_a, co_window_paths_a, co_window_paths_b,
          co_window_paths_b, co_window_paths_a, co_window_broadway_c,
          co_window_2corner, co_window_cross_3, glass_columns_b,
          glass_columns_c, grunt_decor_arrowhead, grunt_decor_clamped,
          grunt_decor_cap, minmay_misc_feat_diagonals, okawaru_ov_weapons_minmay
D:2:      layout_basic, xom_butterflies, serial_corexii_hall,
          corexii_hall_statues_x, chequers_hall_statues_y,
          grunt_decor_resistance
D:3:      layout_basic, patterned_corridor

Skill      XL: |  1  2  3  4 |
---------------+-------------+-----
Stealth        | 5 6 |  6.2
Fighting       | 1 |  1.6
Short Blades   | 2 |  2.0
Dodging        | |  1.5
Spellcasting   | |  2.0
Hexes          | |  3.5

Action                   |  1- 3 |  4- 6 || total
-------------------------+-------+-------++-------
Melee: Dagger            |    74 |    60 ||   134
 Cast: Corona            |     4 |     4 ||     8
       Ensorcelled Hiber |    14 |    19 ||    33
 Abil: Spit Poison       |     6 |     5 ||    11
 Stab: Sleeping          |    13 |    10 ||    23
Armor: Robe              |    12 |    14 ||    26
Dodge: Dodged            |    43 |    42 ||    85

Table legend: (Time is in decaauts)
 A = Elapsed time spent in this place.
 B = Non-inter-level travel time spent in this place.
 C = Inter-level travel time spent in this place.
 D = Time resting spent in this place.
 E = Time spent auto-exploring this place.
 F = Levels seen in this place.
 G = Mean time per level.
                   A        B        C        D        E       F      G
               +--------+--------+--------+--------+--------+-----+--------+
         Total |   4888 |   4814 |     74 |    965 |   3343 |   3 | 1629.3 |
       Dungeon |   4888 |   4814 |     74 |    965 |   3343 |   3 | 1629.3 |
               +--------+--------+--------+--------+--------+-----+--------+

Top non-repeatable levels by time:
     D:1: 2445 daAuts
     D:2: 1386 daAuts
     D:3: 1056 daAuts
